 Dungeon Crawl Stone Soup version 0.28.0 (webtiles) character file.

Game seed: 11329908716604276349

62 KUP the Magician (level 4, -2/30 HPs)
             Began as a Barachi Fire Elementalist on Feb 18, 2022.
             Slain by an orc wizard (3 damage)
             ... on level 3 of the Dungeon.
             The game lasted 00:05:25 (690 turns).

KUP the Magician (Barachi Fire Elementalist)         Turns: 690, Time: 00:05:26

Health: -2/30      AC:  2    Str: 10    XL:     4   Next: 8%
Magic:  9/10       EV: 12    Int: 17    God:
Gold:   20         SH:  0    Dex: 12    Spells: 8/11 levels left

rFire   . . .      SeeInvis .   h - +2 short sword (venom)
rCold   . . .      Faith    .   (no shield)
rNeg    . . .      Spirit   .   a - +0 robe
rPois   .          Reflect  .   (no helmet)
rElec   .          Harm     .   (no cloak)
rCorr   .          Rampage  .   (no gloves)
Will    .....                   (no boots)
Stlth   ++........              (no amulet)
HPRegen 0.10/turn               (no ring)
MPRegen 0.12/turn               (no ring)

@: slow
A: amphibious, slowness 1, strong legs 1, +LOS
a: Hop


You were on level 3 of the Dungeon.
You visited 1 branch of the dungeon, and saw 3 of its levels.

You collected 20 gold pieces.

Inventory:

Hand Weapons
 d - a +0 whip
 h - a +2 short sword of venom (weapon)
Armour
 a - a +0 robe (worn)
Scrolls
 e - a scroll of enchant weapon {unknown}
 f - a scroll of blinking {unknown}
 i - a scroll of identify {unknown}
Potions
 b - a potion of heal wounds {unknown}
 c - a potion of lignification {unknown}
 g - a potion of brilliance {unknown}


   Skills:
 + Level 2.4 Dodging
 - Level 1.7 Stealth
 + Level 4.2 Spellcasting
 - Level 1.1 Conjurations
 - Level 3.2 Fire Magic


You had 8 spell levels left.
You knew the following spells:

 Your Spells              Type           Power      Damage    Failure   Level
a - Foxfire               Conj/Fire      44%        2x1d6     6%          1
b - Scorch                Fire           28%        2d6       6%          2

Your spell library contained the following spells:

 Spells                   Type           Power      Damage    Failure   Level
 Conjure Flame            Conj/Fire      11%        6-21      19%         3
 Inner Flame              Hex/Fire       9%         N/A       24%         3
 Flame Wave               Conj/Fire      11%        2d5       52%         4
 Malign Gateway           Summ/Tloc      1%         N/A       100%        7
 Summon Horrible Things   Summ           1%         N/A       100%        8


Dungeon Overview and Level Annotations

Branches:
Dungeon (3/15)

Altars:

Annotations:
D:3 Ijyb


Innate Abilities, Weirdness & Mutations

You are amphibious.
You cover ground slowly.
You can hop short distances.
You have an extended range of vision and can be seen from far away.


Message History

Unknown command.
There is a stone staircase leading down here.
Unknown command.
Okay, then.
Unknown command.
You start resting.
Magic restored.
You climb downwards.
Level annotation: Ijyb
There is a stone staircase leading up here.
A bat comes into view.
Found 11 gold pieces.
Found a whip.
The bat closely misses you.
Casting: Scorch (safe; 6% risk of failure)
Confirm with . or Enter, or press ? or * to list all spells.
Flames lash the bat.
You kill the bat!
You hear a shout!
An orc wizard comes into view. It is wielding a +2 dagger of speed.
The orc wizard gestures wildly while chanting.
The orc wizard flickers and vanishes!
Deactivating autopickup; reactivate with Ctrl-A.
The goblin shoots a stone.
The stone misses you.
The goblin shoots a stone.
The stone hits you but does no damage.
You see here 11 gold pieces.
A goblin comes into view. It is wielding a +0 dagger.
The goblin shouts!
The goblin shoots a stone.
The stone barely misses you.
The goblin shoots a stone.
The stone hits you.
A puff of flame appears from out of thin air!
The puff of flame hits you!
* * * LOW HITPOINT WARNING * * *
The goblin shoots a stone.
The stone hits you.
* * * LOW HITPOINT WARNING * * *
An orc comes into view. It is wielding a +0 mace.
An orc comes into view. It is wielding a +0 hand axe.
The orc moves out of view.
Something hits you.
You die...

######## #......
##.#.#.#### #.#
#.........##...#
###..#.#.##<....#
.....)..@#####...#
###.#.#..†..##..#.#
# #....g...o..#
##.#..#.#...# #.
#$#..#...... #.
#.#..# #..## .
#..... o... ##.
#.#.... .##
#..##.###... #


You could see 2 orcs and a goblin.

Vanquished Creatures
  Jessica (D:2)
  3 worms (D:2)
  A dart slug (D:1)
  A bat (D:3)
  3 endoplasms
  3 giant cockroaches
  2 goblins (D:1)
  2 hobgoblins
  4 kobolds
  A ball python (D:1)
  2 frilled lizards (D:2)
  3 rats
26 creatures vanquished.

Vanquished Creatures (others)
  33 foxfires
  A plant (D:1)
34 creatures vanquished.

Grand Total: 60 creatures vanquished

Notes
Turn   | Place    | Note
-------+----------+-------------------------------------------
     0 | D:1      | KUP the Barachi Fire Elementalist began the quest for the
                  | Orb.
     0 | D:1      | Reached XP level 1. HP: 13/13 MP: 3/3
   127 | D:1      | Found a faded altar of an unknown god.
   139 | D:1      | Reached XP level 2. HP: 9/19 MP: 1/5
   142 | D:1      | Learned a level 2 spell: Scorch
   166 | D:1      | Reached skill level 3 in Spellcasting
   501 | D:2      | Noticed Jessica
   508 | D:2      | Killed Jessica
   509 | D:2      | Reached skill level 4 in Spellcasting
   509 | D:2      | Reached XP level 3. HP: 21/24 MP: 1/8
   584 | D:2      | Reached XP level 4. HP: 11/30 MP: 2/10
   604 | D:3      | Noticed Ijyb
   688 | D:3      | HP: 1/30 [goblin/stone (3)]
   690 | D:3      | Slain by an orc wizard

Illustrated notes

Levels and vault maps discovered:
D:1:      wander_arrival_fairy_ring, layout_basic,
          nicolae_ecumenical_lake_church, chequers_big_river
D:2:      layout_loops_ring, minmay_split_cup_small, uniq_jessica
D:3:      kennysheep_the_goblin_king, layout_loops_ring

Skill      XL: |  1  2 |
---------------+-------+-----
Spellcasting   | 4 |  4.2
Dodging        | |  2.4
Stealth        | |  1.7
Conjurations   | |  1.1
Fire Magic     | |  3.2

Action                   |  1- 3 |  4- 6 || total
-------------------------+-------+-------++-------
Melee: Unarmed           |     1 |       ||     1
       Whip              |    23 |       ||    23
       Short sword       |     6 |       ||     6
 Cast: Foxfire           |    19 |       ||    19
       Scorch            |     9 |     3 ||    12
 Stab: Sleeping          |     1 |       ||     1
Armor: Robe              |     4 |     1 ||     5
Dodge: Dodged            |    20 |     5 ||    25
